Match 28508333
Unlisted

Match 28508333
End
Selects Luftwaffe Battlegroup
Selects Luftwaffe Pioneer Support
Fallschirmpioneer Squad Paradrop
Construct Infanterie Kompanie
Grenadier Squad
MG 42 Machine Gun Team
Construct Luftwaffe Kompanie
221 Scout Car
Support Elements
Wirbelwind Flakpanzer
Selects Reconnaissance Run
Selects Fallschirmjäger Squad Paradrop
Luftwaffe Officer Quarters
Fallschirmjäger Squad Paradrop
Wirbelwind Flakpanzer
Ruby
HulkSMASH
crosseazain
catchitin
0
0

Comments sign in to comment!

No comments posted yet!